AoeStats
← 許瑞德

Arena

510067889Analyzed
2v2 RM · 3d ago on Sep 29, 2026· 53m 24s· 4 players
Game mode
Random Map
Map size
Medium (4 player)
Population
200
Speed
Normal
Resources
Standard
Victory
Conquest
Starting age
Dark Age
Ending age
Imperial Age
RankedLock teamsTeams togetherTeam positionsShared explorationLock speedFull tech treeHidden civsTurbo modeCheats
Victory
Defeat
🇹🇷 Mongols · Türkiye
978
+13
🇨🇳 Persians · China
925
+15
🇹🇼 Bohemians · Taiwan
902
-14
🇹🇼 Lithuanians · Taiwan
900
-14
許瑞德
1:05 Loom
11:09 Feudal Age
15:32 Castle Age
14:17 Double-Bit Axe
20:15 Forging
21:36 Scale Barding Armor
23:46 Stone Mining
26:04 Wheelbarrow
29:37 Town Watch
29:49 Fletching
31:10 Bodkin Arrow
34:03 Fervor
37:36 Imperial Age
35:09 Gold Mining
35:56 Hill Forts
36:25 Fortified Wall
36:36 Ballistics
36:40 Chain Barding Armor
38:45 Bloodlines
38:38 Husbandry
39:04 Hand Cart
39:13 Conscription
40:51 Tower Shields
40:28 Elite Skirmisher
41:14 Thumb Ring
40:46 Cavalier
42:36 Murder Holes
42:05 Pikeman
42:46 Squires
43:53 Bow Saw
44:36 Bracer
45:00 Padded Archer Armor
45:37 Plate Barding Armor
45:46 Halberdier
47:17 Scale Mail Armor
Heisenberg
10:44 Feudal Age
15:05 Castle Age
13:31 Double-Bit Axe
14:14 Horse Collar
18:44 Wheelbarrow
17:59 Loom
22:51 Chemistry
22:15 Town Watch
25:43 Wagenburg Tactics
30:47 Imperial Age
29:46 Fletching
31:57 Ballistics
32:06 Conscription
32:36 Bow Saw
34:17 Hussite Reforms
35:26 Redemption
35:23 Padded Archer Armor
35:48 Bodkin Arrow
36:21 Siege Engineers
37:19 Bracer
39:34 Elite Hussite Wagon
39:46 Elite Hussite Wagon
41:41 Fervor
41:52 Sanctity
41:51 Block Printing
42:03 Illumination
42:19 Theocracy
43:24 Leather Archer Armor
RoadRunner
1:55 Loom
8:39 Feudal Age
9:16 Double-Bit Axe
10:11 Wheelbarrow
10:33 Gold Mining
13:57 Horse Collar
21:07 Castle Age
18:37 Man-at-Arms
19:03 Arson
19:21 Scale Mail Armor
19:37 Stone Mining
20:42 Forging
21:10 Long Swordsman
21:53 Squires
22:23 Chain Mail Armor
23:34 Bow Saw
25:19 Heavy Plow
27:52 Iron Casting
27:34 Pikeman
29:53 Stone Shaft Mining
31:10 Hand Cart
33:16 Gold Shaft Mining
39:41 Imperial Age
37:14 Padded Archer Armor
37:09 Fletching
40:06 Bodkin Arrow
40:26 Leather Archer Armor
40:48 Nomads
41:09 Conscription
41:05 Bracer
41:06 Elite Mangudai
42:51 Thumb Ring
43:12 Parthian Tactics
43:33 Drill
44:19 Onager
53:36 Blast Furnace
53:07 Plate Mail Armor
52:43 Scale Barding Armor
GTX-5090
6:16 Loom
10:45 Feudal Age
11:25 Double-Bit Axe
11:22 Horse Collar
13:05 Gold Mining
18:12 Castle Age
16:46 Stone Mining
18:17 Wheelbarrow
17:28 Town Watch
18:21 Wheelbarrow
21:13 Forging
21:08 Scale Barding Armor
21:10 Heavy Plow
22:30 Bow Saw
22:52 Fervor
22:28 Light Cavalry
23:31 Bloodlines
26:34 Gold Shaft Mining
28:56 Hand Cart
32:29 Imperial Age
30:13 Masonry
30:24 Ballistics
30:00 Murder Holes
33:04 Husbandry
32:25 Cavalier
33:54 Chain Barding Armor
34:10 Iron Casting
33:26 Fletching
34:09 Architecture
34:39 Chemistry
33:45 Squires
33:08 Pikeman
33:34 Arson
34:40 Conscription
34:56 Hoardings
33:54 Sappers
35:35 Stone Shaft Mining
35:56 Citadels
36:02 Citadels
35:54 Kamandaran
36:18 Herbal Medicine
37:20 Plate Barding Armor
36:49 Halberdier
39:19 Blast Furnace
38:15 Bodkin Arrow
38:21 Scale Mail Armor
38:42 Savar
40:27 Chain Mail Armor
40:13 Padded Archer Armor
41:25 Crop Rotation
40:46 Hussar
43:09 Devotion
43:46 Elite War Elephant
46:15 Caravan
46:27 Guilds
51:00 Onager
53:01 Faith
Connection lost

Rejoining the realm…

Still unreachable

The connection could not be restored.

Session expired

The server has moved on; the page needs a fresh start.